Map: Lightshade LE

Players

PiLiPiLi - Winner!

  • Race: Protoss Protoss
  • League: Grandmaster
  • Spawn Location: 5:00

Vindicta

  • Race: Terran Terran
  • League: Master
  • Spawn Location: 11:00

Event: DreamHack SC2 Masters 2020 Winter

VOD

Have the link to the VOD?

Description

Time

  • Played on: Oct. 30, 2020, 3:54 p.m.
  • Length: 8:16

All games in this series

Show
View Real Time Build Order
Export as new Build Order

PiLiPiLi Protoss - Winner!

Build Orders: 1 Gate Expand, Blink Stalkers 

Get SALT Encoding   

  12  0:00  Probe  
  13  0:12  Probe  
  14  0:16  Pylon  
  14  0:24  Probe (Chrono Boost)  
  15  0:37  Gateway, Probe (Chrono Boost)  
  16  0:44  Probe (Chrono Boost)  
  16  0:45  Assimilator  
  17  0:51  Probe  
  18  1:03  Probe  
  19  1:15  Probe  
  20  1:21  Nexus  
  20  1:30  Cybernetics Core  
  20  1:34  Probe  
  20  1:38  Assimilator  
  21  1:46  Probe  
  22  1:48  Pylon  
  22  1:58  Probe  
  23  2:03  Stalker (Chrono Boost)  
  23  2:07  Warp Gate  
  23  2:26  Stalker  
  25  2:31  Probe  
  25  2:36  Twilight Council, Probe  
  27  2:43  Probe  
  28  2:47  Shield Battery  
  28  2:57  Probe  
  29  3:03  Probe  
  30  3:07  Blink (Chrono Boost)  
  30  3:09  Probe  
  31  3:15  Probe  
  31  3:21  Probe  
  31  3:27  Probe  
  31  3:33  Probe  
  33  3:39  Probe  
  34  3:42  Robotics Facility  
  34  3:45  Probe  
  35  3:51  Probe  
  35  3:54  Gateway  
  36  3:57  Gateway  
  36  3:58  Probe  
  37  4:03  Probe  
  37  4:05  Stalker  
  40  4:10  Probe  
  40  4:15  Probe  
  42  4:17  Pylon  
  42  4:22  Probe  
  43  4:30  Observer (Chrono Boost)  
  44  4:32  Gateway  
  44  4:34  Gateway  
  44  4:35  Gateway  
  44  4:36  Gateway  
  44  4:38  Probe  
  45  4:41  Probe  
  45  4:42  Observer (Chrono Boost)  
  47  4:49  Pylon  
  47  4:50  Stalker  
  47  4:52  Stalker  
  51  4:58  Assimilator  
  51  4:59  Pylon  
  51  5:03  Probe  
  52  5:14  Stalker x2, Warp Prism (Chrono Boost)  
  54  5:15  Probe  
  58  5:28  Shield Battery x2  
  58  5:43  Stalker  
  58  5:44  Stalker x2  
  58  5:47  Observer  
  62  6:01  Stalker x4  
  70  6:05  Pylon  
  70  6:18  Probe  
  68  6:30  Stalker  
  68  6:31  Stalker x5  
  77  6:37  Observer  
  77  6:39  Observer  
  77  6:43  Probe  
  78  6:49  Observer  
  78  6:53  Pylon  
  78  6:55  Pylon  
  78  7:11  Stalker  
  78  7:12  Stalker x3  
  78  7:13  Stalker x3  
  91  7:16  Probe  
  80  7:32  Stalker  
  80  7:36  Stalker, Adept x2  
  80  7:37  Adept x2  
  90  7:39  Adept  
  80  8:03  Stalker x4  
  76  8:09  Stalker  
  76  8:11  Zealot x2  
Show
View Real Time Build Order
Export as new Build Order

Vindicta Terran 

Build Orders:  

Get SALT Encoding   

  12  0:00  SCV  
  13  0:12  SCV  
  14  0:17  Supply Depot  
  14  0:24  SCV  
  15  0:39  SCV  
  15  0:40  Barracks  
  16  0:45  Refinery  
  16  0:51  SCV  
  16  0:55  Refinery  
  17  1:03  SCV  
  18  1:15  SCV  
  19  1:27  Reaper  
  19  1:29  Orbital Command  
  20  1:36  Supply Depot  
  20  1:51  Factory  
  20  1:55  SCV  
  20  1:59  Reaper  
  22  2:07  SCV  
  23  2:12  Bunker  
  23  2:22  SCV  
  24  2:31  Reaper  
  24  2:36  SCV, Hellion  
  26  2:47  Command Center  
  26  2:57  SCV, Hellion  
  29  3:04  Starport  
  29  3:15  SCV  
  30  3:28  Bunker  
  30  3:32  Supply Depot  
  31  3:36  SCV, Factory Tech Lab  
  30  3:41  Starport Tech Lab  
  30  3:48  SCV  
  30  3:50  Refinery  
  31  3:56  Barracks  
  31  3:57  Siege Tank  
  31  4:00  SCV  
  31  4:02  Cloaking Field  
  35  4:06  Banshee  
  38  4:13  SCV  
  38  4:16  Orbital Command  
  39  4:25  SCV  
  39  4:29  Siege Tank  
  43  4:34  Barracks Reactor  
  43  4:37  Bunker  
  44  4:38  SCV  
  44  4:42  Barracks Tech Lab  
  45  4:49  Banshee  
  45  4:51  SCV  
  48  4:55  SCV  
  49  5:03  SCV  
  49  5:06  Siege Tank  
  49  5:09  SCV  
  49  5:13  Stimpack  
  50  5:14  Marine  
  50  5:15  Marine  
  52  5:22  Supply Depot, Marine  
  52  5:24  SCV  
  54  5:32  Barracks  
  54  5:41  Engineering Bay  
  54  5:43  Raven, Marine x2, SCV x2  
  60  5:53  Refinery  
  62  5:58  Factory Reactor  
  62  6:01  Marauder  
  62  6:02  Supply Depot  
  62  6:08  Terran Infantry Weapons Level 1  
  62  6:12  Marine x2  
  62  6:13  SCV x2  
  63  6:22  Marauder  
  63  6:25  SCV  
  63  6:30  Marine x2  
  63  6:32  SCV  
  66  6:38  Combat Shield  
  65  6:40  SCV  
  65  6:43  Marauder  
  65  6:44  SCV  
  65  6:46  Marauder  
  69  6:48  Marine  
  69  6:51  Marine  
  69  6:53  Siege Tank  
  74  7:02  Medivac  
  74  7:03  Medivac  
  77  7:15  Concussive Shells, Marauder  
  77  7:19  Supply Depot  
  69  7:25  Marauder, Marine  
  70  7:33  SCV x2, Marine  
  70  7:36  Marauder  
  75  7:43  Siege Tank  
  78  7:45  Marine  
  77  7:55  Marine  
  77  7:57  Marine  
Tags
 
Add a new tag
Caveats
  • Supply blocks, unpowered buildings, or Contaminate may cause inaccurate times.
  • Supply counts are checked every 10 seconds.